 Dungeon Crawl Stone Soup version 0.31-a0-1068-g5939ac1fb6 (webtiles) character file.

Game seed: 13978204077291670934

2657 Omnilove the Geomancer (level 9, -6/68 HPs)
             Began as a Formicid Earth Elementalist on Nov 25, 2023.
             Was a Believer of Vehumet.
             Mangled by a human
             ... wielding a +0 war axe
              (13 damage)
             ... in a bailey.
             The game lasted 00:24:17 (7995 turns).

Omnilove the Geomancer (FoEE)                       Turns: 7995, Time: 00:24:17

Health: -6/68      AC:  4    Str: 17    XL:     9   Next: 94%
Magic:  15/17      EV: 14    Int: 18    God:    Vehumet [**....]
Gold:   434        SH:  0    Dex: 14    Spells: 13/19 levels left

rFire   + . .        A - +9 whip of Painful Death {spect, Str+3}
rCold   . . .        (no shield)
rNeg    . . .        h - +2 robe {rF+}
rPois   .            (helmet unavailable)
rElec   .            C - scarf {repulsion}
rCorr   .            (no gloves)
SInv    +            (no boots)
Will    .....        (no amulet)
Stlth   ++           (no ring)
HPRegen 0.31/turn    (no ring)
MPRegen 0.15/turn

%: repel missiles
@: studying Fire Magic
A: permanent stasis, dig shafts and tunnels, antennae 3, four strong arms
a: Dig, Renounce Religion


You were in a bailey.
You worshipped Vehumet.
Vehumet was pleased with you.
You visited 2 branches of the dungeon, and saw 8 of its levels.
You also visited: Sewer and Bailey.

You collected 434 gold pieces.

Inventory:

Hand Weapons
 A - the +9 whip of Painful Death (weapon) {spect, Str+3}
   (You found it on level 4 of the Dungeon)

   Str+3:     It affects your strength (+3).
Missiles
 q - 2 javelins
 G - 9 poisoned darts
Armour
 h - a +2 robe of fire resistance (worn)
 B - a +0 robe of cold resistance
 C - a scarf of repulsion (worn)
 L - a +0 tower shield
Jewellery
 t - a ring of ice
Wands
 y - a wand of paralysis (17)
 K - a wand of polymorph (11)
 M - a wand of flame (16)
Scrolls
 f - 3 scrolls of revelation {unknown}
 k - 9 scrolls of identify {unknown}
 l - a scroll of enchant armour {unknown}
 m - a scroll of amnesia {unknown}
 p - a scroll of fog {unknown}
 r - a scroll of noise {unknown}
 s - 3 scrolls of poison {unknown}
 v - 4 scrolls of teleportation {unknown}
 w - a scroll of blinking {unknown}
 I - a scroll of fear {unknown}
Potions
 b - 3 potions of magic
 c - 2 potions of lignification {unknown}
 d - a potion of attraction {unknown}
 e - 5 potions of brilliance {unknown}
 i - 3 potions of haste {unknown}
 j - a potion of degeneration {unknown}
 n - 7 potions of heal wounds {unknown}
 u - a potion of mutation {unknown}
 x - a potion of resistance {unknown}
 z - 2 potions of enlightenment {unknown}
 D - a potion of cancellation {unknown}
 E - 2 potions of might {unknown}
 F - a potion of invisibility {unknown}
 J - 2 potions of curing {unknown}


   Skills:
 + Level 5.6 Fighting
 + Level 5.1 Dodging
 - Level 3.0 Stealth
 + Level 5.5 Spellcasting
 + Level 3.6 Conjurations
 - Level 3.0 Transmutations
 * Level 9.6 Earth Magic


You had 13 spell levels left.
You knew the following spells:

 Your Spells              Type           Power      Damage    Failure   Level
a - Sandblast             Erth           78%        2d17      1%          1
b - Stone Arrow           Conj/Erth      56%        3d10      2%          3
c - Passwall              Tmut/Erth      22%        N/A       1%          2

Your spell library contained the following spells:

 Spells                   Type           Power      Damage    Failure   Level
 Scorch                   Fire           8%         2d5       19%         2
 Brom's Barrelling Bould  Conj/Erth      28%        2d5       9%          4
 Petrify                  Tmut/Erth      27%        N/A       10%         4
 Ensorcelled Hibernation  Hex/Ice        8%         N/A       19%         2
 Jinxbite                 Hex            8%         N/A       19%         2
 Anguish                  Hex/Necr       2%         N/A       77%         4


Dungeon Overview and Level Annotations

Branches:
Dungeon (7/15)             Temple (1/1) D:5           Sewer (visited)
 Bailey (1/1)

Altars:
Cheibriados
Fedhas
Gozag
Kikubaaqudgha
Makhleb
Nemelex Xobeh
Okawaru
Ru
Sif Muna
Vehumet
Xom
Zin
The Shining One

Shops:
D:2 (   D:5 *=:!

Annotations:
D:6 Jeremiah


Innate Abilities, Weirdness & Mutations

You cannot be hasted, slowed, berserked, paralysed or teleported.
You can dig through walls and to a lower floor.
You have a pair of large antennae on your head. (SInv)
Your four strong arms can wield two-handed weapons with a shield.


Message History

Your spectral weapon shares its damage with you!
Casting: Sandblast (safe; 1% risk of failure)
Confirm with . or Enter, or press ? or * to list all spells.
Aiming: Sandblast (safe; 1% risk of failure)
Press: ? - help, Shift-Dir - straight line, f/p - human
Aim: a human, wielding a +1 heavy hand axe and wearing a +0 ring mail (almost dead, 80% to hit)
The blast of sand hits the human but does no damage.
The human is almost dead.
Your +9 whip of Painful Death {spect, Str+3} disappears.
The human hits you but does no damage. The human barely misses you.
Casting: Sandblast (safe; 1% risk of failure)
Confirm with . or Enter, or press ? or * to list all spells.
Aiming: Sandblast (safe; 1% risk of failure)
Press: ? - help, Shift-Dir - straight line, f/p - human
Aim: a human, wielding a +1 heavy hand axe and wearing a +0 ring mail (almost dead, 80% to hit)
The blast of sand hits the human!
You kill the human!
Vehumet accepts your kill.
You feel your power returning. The human hits you with a +0 war axe!
An orc comes into view. It is wielding a +0 hand axe.
The human barely misses you.
The orc shouts!
Casting: Sandblast (safe; 1% risk of failure)
Confirm with . or Enter, or press ? or * to list all spells.
Aiming: Sandblast (safe; 1% risk of failure)
Press: ? - help, Shift-Dir - straight line, f - human
Aim: a human, wielding a +0 war axe and wearing a +0 ring mail (80% to hit)
The blast of sand misses the human.
The human barely misses you. The human hits you with a +0 war axe!
* * * LOW HITPOINT WARNING * * *
Unknown command.
The human attacks as it pursues you! The human barely misses you.
The human hits you with a +0 war axe.
* * * LOW HITPOINT WARNING * * *
There is a gate leading back out of this place here.
You hit the human.
The human is lightly wounded.
Your +9 whip of Painful Death {spect, Str+3} hits the human but does no damage.
The human hits you with a +0 war axe!
You die...

......##.(.##
#...po.p@..#
######)p...#
{ +..∩..# {{
##...## {
##### {


You could see 3 humans, an orc and a friendly +9 whip of Painful Death {spect,
Str+3}.

Vanquished Creatures
  A troll (D:5)
  Sigmund (D:4)
  A vampire (D:5)
  A human (Bailey)
  A steam dragon (D:7)
  Duvessa (D:4)
  A water moccasin (D:7)
  An ice beast (D:7)
  A black bear (D:6)
  2 ogres
  2 centaurs
  2 kobold brigands
  Blork the orc (D:6)
  A bullfrog (D:6)
  5 scorpions
  Dowan (D:4)
  3 hounds
  4 iguanas
  2 sleepcaps
  3 gnolls (D:7)
  3 river rats (Sewer)
  9 adders
  A shadow imp (D:5)
  2 white imps
  An ufetubus (D:7)
  3 worms
  6 orcs
  5 endoplasms
  6 giant cockroaches
  6 goblins
  3 hobgoblins
  4 jackals
  4 quokkas
  10 ball pythons
  5 bats
  2 frilled lizards (Sewer)
  31 kobolds
  24 rats
160 creatures vanquished.

Vanquished Creatures (others)
  An angel (D:5)
  2 goblins (D:7)
3 creatures vanquished.

Grand Total: 163 creatures vanquished

Notes
Turn   | Place    | Note
-------+----------+-------------------------------------------
     0 | D:1      | Omnilove the Formicid Earth Elementalist began the quest
                  | for the Orb.
     0 | D:1      | Reached XP level 1. HP: 13/13 MP: 3/3
   217 | D:1      | Reached XP level 2. HP: 20/20 MP: 1/5
   609 | D:1      | Reached skill level 1 in Fighting
   609 | D:1      | Reached skill level 4 in Earth Magic
   732 | D:2      | Found a shimmering blue altar of Sif Muna.
   761 | D:2      | Reached XP level 3. HP: 26/26 MP: 2/6
  1215 | D:2      | Found Ajuu's Antique Weapon Boutique.
  2158 | D:4      | Noticed a scorpion
  2169 | D:3      | Killed a scorpion
  2170 | D:3      | Reached XP level 4. HP: 33/33 MP: 1/7
  2170 | D:3      | Reached XP level 5. HP: 38/38 MP: 1/8
  2232 | D:4      | Noticed Duvessa
  2232 | D:4      | Noticed Dowan
  2774 | D:4      | Reached skill level 5 in Earth Magic
  2774 | D:4      | Reached XP level 6. HP: 27/44 MP: 6/10
  2923 | D:4      | Noticed an ogre
  2991 | D:4      | Found a burning altar of Makhleb.
  3000 | D:4      | Identified the +9 whip of Painful Death {spect, Str+3}
  3038 | D:4      | Noticed Sigmund
  3480 | D:5      | Entered Level 5 of the Dungeon
  3480 | D:5      | Found a shimmering blue altar of Sif Muna.
  3492 | D:5      | Found Woutzieq's Book Emporium.
  3503 | D:5      | Found a glowing silver altar of Zin.
  3505 | D:5      | Noticed an angel
  3511 | D:5      | Found Kesewid's General Store.
  3539 | D:5      | Reached XP level 7. HP: 45/51 MP: 9/11
  3540 | D:5      | Found a staircase to the Ecumenical Temple.
  3556 | Temple   | Entered the Ecumenical Temple
  3566 | Temple   | Became a worshipper of Vehumet
  3586 | D:5      | Found Meorod's Jewellery Shop.
  3650 | D:5      | Killed an angel
  3708 | D:5      | Found a glowing drain.
  3712 | Sewer    | Entered a sewer
  3801 | Sewer    | Reached skill level 6 in Earth Magic
  4035 | Sewer    | Reached * piety under Vehumet
  4035 | Sewer    | Offered knowledge of Kiss of Death by Vehumet.
  4687 | D:5      | Found Vaagrut's Distillery.
  4733 | D:5      | Found a shimmering altar of Xom.
  4741 | D:5      | Offered knowledge of Static Discharge by Vehumet.
  4742 | D:5      | Reached ** piety under Vehumet
  4759 | D:5      | Noticed a troll
  4767 | D:5      | Killed a troll
  4768 | D:5      | Reached skill level 1 in Conjurations
  4768 | D:5      | Reached skill level 7 in Earth Magic
  4768 | D:5      | Reached XP level 8. HP: 34/60 MP: 9/14
  4776 | D:5      | Noticed a vampire
  4894 | D:5      | Killed a vampire
  5121 | D:5      | Found Woinox's General Store.
  5538 | D:4      | Learned a level 3 spell: Stone Arrow
  5701 | D:4      | Killed Sigmund
  5702 | D:4      | Reached skill level 8 in Earth Magic
  5941 | D:4      | Killed Duvessa
  5942 | D:4      | Reached XP level 9. HP: 35/66 MP: 3/15
  6056 | D:4      | Killed Dowan
  6577 | D:6      | Reached skill level 5 in Fighting
  6577 | D:6      | Reached skill level 5 in Spellcasting
  6636 | D:6      | Noticed Jeremiah
  6873 | D:6      | Offered knowledge of Scorch by Vehumet.
  6877 | D:6      | Learned a level 2 spell: Passwall
  6941 | D:6      | Found a snail-covered altar of Cheibriados.
  7054 | D:6      | Noticed Blork the orc
  7059 | D:6      | Killed Blork the orc
  7327 | D:6      | Reached skill level 9 in Earth Magic
  7819 | D:7      | Found a flagged portal.
  7860 | D:7      | Reached skill level 5 in Dodging
  7902 | Bailey   | Entered a bailey
  7995 | Bailey   | Mangled by a human

Illustrated notes

Levels and vault maps discovered:
D:1:      ncdulo_smallfort, layout_basic
D:2:      kennysheep_six_static_rooms, layout_basic, serial_shops,
          nicolae_shop_hallway_plus, basic_altar
D:3:      layout_rooms, minmay_door_square
D:4:      layout_basic, bloody_makhleb, uniq_sigmund, uniq_duvessa
D:5:      layout_rooms, grunt_temple_overflow_order_and_chaos_1,
          nicolae_overflow_hidden_temple, minmay_temple_entry_sparse_star,
          serial_shops, shop, nicolae_shop_hallway_plus,
          nicolae_inconvenience_store, shop, nicolae_shop_tiny_glass,
          gup_sewer_entry_spiral, minmay_manual_mess
D:6:      layout_gridville, mainiacjoe_overflow_small_starburst,
          grunt_ministairs_14, minmay_misc_feat_doors, uniq_jeremiah,
          uniq_blork_the_orc
D:7:      layout_rooms, enter_bailey_5
Temple:   nicolae_temple_godpark
Bailey:   bailey_axe_froggy_fort_hellmonk, bailey

Skill      XL: |  1  2  3  4  5  6  7  8  9 |
---------------+----------------------------+-----
Fighting       | 1 2 3 4 5 |  5.6
Earth Magic    | 4 5 7 8 9 |  9.6
Dodging        | 2 3 4 5 |  5.1
Stealth        | 3 |  3.0
Transmutations | 2 3 |  3.0
Spellcasting   | 3 4 5 |  5.5
Conjurations   | 1 2 3 |  3.6

Action                     |  1- 3 |  4- 6 |  7- 9 || total
---------------------------+-------+-------+-------++-------
  Melee: Dagger            |     9 |     5 |       ||    14
         Whip              |       |     7 |    80 ||    87
         Punch             |       |       |     1 ||     1
  Throw: Dart              |       |       |    11 ||    11
   Cast: Sandblast         |    42 |    32 |    85 ||   159
         Stone Arrow       |       |       |    52 ||    52
  Evoke: Wand              |     1 |       |     4 ||     5
   Stab: Paralysed         |     1 |       |       ||     1
 Armour: Robe              |     4 |    18 |    59 ||    81
  Dodge: Dodged            |     5 |     7 |    75 ||    87
         Repelled          |       |       |     3 ||     3

Table legend: (Time is in decaauts)
 A = Elapsed time spent in this place.
 B = Non-inter-level travel time spent in this place.
 C = Inter-level travel time spent in this place.
 D = Time resting spent in this place.
 E = Time spent auto-exploring this place.
 F = Levels seen in this place.
 G = Mean time per level.
                   A        B        C        D        E       F      G
               +--------+--------+--------+--------+--------+-----+--------+
         Total |   8145 |   7712 |    433 |   1342 |   4731 |  10 |  814.5 |
       Dungeon |   7071 |   6638 |    433 |   1075 |   4418 |   7 | 1010.1 |
        Temple |     20 |     20 |      0 |      0 |      0 |   1 |   20.0 |
         Sewer |    958 |    958 |      0 |    191 |    312 |   1 |  958.0 |
        Bailey |     95 |     95 |      0 |     76 |      0 |   1 |   95.0 |
               +--------+--------+--------+--------+--------+-----+--------+

Top non-repeatable levels by time:
     D:4: 1808 daAuts
     D:6: 1342 daAuts
     D:5: 1185 daAuts
     D:2: 1034 daAuts
   Sewer: 958 daAuts
     D:3: 840 daAuts
     D:1: 682 daAuts
     D:7: 177 daAuts
  Bailey: 95 daAuts
  Temple: 20 daAuts
